 Dungeon Crawl Stone Soup version 0.29.1 (webtiles) character file.

Game seed: 4684846282314150046

1385 funnyparkerb the Cudgeller (level 8, -15/49 HPs)
             Began as a Gargoyle Fighter on Sept 12, 2022.
             Was a Follower of Okawaru.
             Killed by an exploding orc priest (38 damage)
             ... ignited by their inner flame
             ... on level 6 of the Dungeon.
             The game lasted 00:12:36 (8359 turns).

funnyparkerb the Cudgeller (Gargoyle Fighter)       Turns: 8359, Time: 00:12:36

Health: -15/49     AC: 18    Str: 21    XL:     8   Next: 67%
Magic:  8/8        EV:  8    Int: 10    God:    Okawaru [*.....]
Gold:   233        SH:  4    Dex:  9    Spells: 7/7 levels left

rFire   . . .      SeeInvis .   a - +0 morningstar
rCold   . . .      Faith    .   c - +0 buckler
rNeg    + . .      Spirit   .   f - +0 chain mail
rPois   ∞          Reflect  .   A - +0 helmet
rElec   +          Harm     .   (no cloak)
rCorr   .          Rampage  .   (no gloves)
Will    .....                   r - +0 pair of boots
Stlth   ..........              v - amulet of magic regeneration
HPRegen 0.16/turn               (no ring)
MPRegen 0.51/turn               (no ring)

@: no status effects
A: sickness immunity, AC +5, negative energy resistance 1, electricity
resistance, torment resistance 1, petrification resistance
a: Renounce Religion, Heroism


You were on level 6 of the Dungeon.
You worshipped Okawaru.
Okawaru was aware of your devotion.
You visited 2 branches of the dungeon, and saw 7 of its levels.

You collected 233 gold pieces.

Inventory:

Hand Weapons
 a - a +0 morningstar (weapon)
Armour
 c - a +0 buckler (worn)
 f - a +0 chain mail (worn)
 r - a +0 pair of boots (worn)
 A - a +0 helmet (worn)
Jewellery
 v - an amulet of magic regeneration (around neck)
Wands
 o - a wand of quicksilver (12)
 t - a wand of polymorph (14)
 x - a wand of iceblast (9)
Scrolls
 b - a scroll of brand weapon {unknown}
 d - a scroll of teleportation {unknown}
 e - a scroll of poison {unknown}
 h - a scroll of enchant weapon {unknown}
 m - 4 scrolls of immolation
 n - 4 scrolls of blinking
 s - 3 scrolls of amnesia
 y - 2 scrolls of fog {unknown}
 z - a scroll of noise {unknown}
 B - a scroll of magic mapping {unknown}
Potions
 g - 3 potions of attraction
 i - 3 potions of resistance
 j - a potion of invisibility
 k - 3 potions of mutation
 l - 2 potions of magic
 p - 3 potions of flight
 q - a potion of lignification
 u - 4 potions of curing
 w - a potion of ambrosia


   Skills:
 - Level 5.0 Fighting
 + Level 6.5 Maces & Flails
 - Level 6.0 Armour
 + Level 4.7 Dodging
 - Level 3.2 Shields


You had 7 spell levels left.
You didn't know any spells.
Your spell library contained the following spells:

 Spells                   Type           Power      Damage    Failure   Level
 Freeze                   Ice            0%         1d3       99%         1
 Poisonous Vapours        Pois/Air       0%         N/A       99%         2
 Frozen Ramparts          Ice            0%         1d1       100%        3
 Gell's Gravitas          Tloc           0%         N/A       100%        3
 Lesser Beckoning         Tloc           0%         N/A       100%        3
 Ozocubu's Armour         Ice            0%         N/A       100%        3
 Teleport Other           Tloc           0%         N/A       100%        3
 Corpse Rot               Necr/Pois/Air  0%         N/A       100%        4
 Hailstorm                Conj/Ice       0%         3d3       100%        4
 Ozocubu's Refrigeration  Ice            0%         4d7       100%        7


Dungeon Overview and Level Annotations

Branches:
Dungeon (6/15)             Temple (1/1) D:5

Altars:
Ashenzari
Cheibriados
Dithmenos
Elyvilon
Fedhas
Gozag
Hepliaklqana
Makhleb
Nemelex Xobeh
Okawaru
Qazlal
Ru
Sif Muna
Trog
Vehumet
Xom
Yredelemnul
Zin
The Shining One

Shops:
D:4 :   D:5 [:


Innate Abilities, Weirdness & Mutations

You are immune to sickness and miasma.
Your stone body is resilient. (AC +5)
You are immune to poison.
You resist negative energy. (rN+)
You are resistant to electric shocks. (rElec)
You are resistant to unholy torment.
You are immune to petrification.


Message History

Okay, then.
Blink to where?
Press: ? - help, Dir - move target
As you read the scroll of blinking, it crumbles to dust.
Blink to where?
Press: ? - help, Dir - move target
As you read the scroll of blinking, it crumbles to dust.
As you read the scroll labelled FIYRIM EVUN, it crumbles to dust.
The creatures around you are filled with an inner flame!
It was a scroll of immolation.
The orc priest miscasts a cantrip.
As you read the scroll labelled GAUWKE IFEMAWO, it crumbles to dust.
It is a scroll of amnesia.
You feel forgetful for a moment.
The ufetubus hits you but does no damage.
You block the ufetubus's attack.
You hear some strange, mumbled words.
You are confused.
The ufetubus barely misses you.
The ufetubus hits you but does no damage.
You are too confused!
You're too confused to move!
The ufetubus hits you but does no damage.
The ufetubus barely misses you.
The ufetubus hits you but does no damage.
The ufetubus barely misses you. Something hits you but does no damage.
You are too confused!
Unknown command.
You feel better.
The ufetubus hits you but does no damage.
You block the ufetubus's attack. Something hits you but does no damage.
You thump the orc priest! Okawaru accepts your kill.
The orc priest explodes!
The fiery explosion engulfs something!
Okawaru accepts your kill.
Reactivating autopickup.
You feel a bit more experienced. The fiery explosion engulfs you!!!
Ouch! That really hurt!
You die...

...# ...# ...#.... ....#
...# ...##....#
#.####...#....###
#####....#...##.##
....#.......###..###
....#.......##..5..#
....#......##.§§@..#
....#....# ##.§§§..#
#...##...###..§.....##
#...##...##..........#
........####...###...#
........# ###.###.....#
#..##..####.............
#..###..................
..)..).........o......


You could see an ufetubus (inner flame).

Vanquished Creatures
  A steam dragon (D:4)
  A water moccasin (D:4)
  An ogre (D:5)
  A phantom (D:5)
  A necrophage (D:5)
  2 scorpions (D:5)
  A killer bee (D:5)
  A howler monkey (D:4)
  A jelly (D:6)
  3 hounds
  A gnoll bouda (D:5)
  3 orc priests (D:6)
  Jessica (D:2)
  Terence (D:3)
  An iguana (D:4)
  Natasha (thrice) (D:2)
  4 orc wizards
  Robin (D:2)
  6 gnolls
  9 adders
  A shadow imp (D:4)
  An ufetubus (D:5)
  2 worms (D:2)
  7 dart slugs
  10 orcs
  9 ball pythons
  9 endoplasms
  2 giant cockroaches (D:2)
  13 goblins
  11 hobgoblins
  A jackal (D:2)
  8 bats
  2 frilled lizards
  14 kobolds
  8 rats
141 creatures vanquished.

Notes
Turn   | Place    | Note
-------+----------+-------------------------------------------
     0 | D:1      | funnyparkerb the Gargoyle Fighter began the quest for the
                  | Orb.
     0 | D:1      | Reached XP level 1. HP: 14/14 MP: 1/1
   126 | D:1      | Reached XP level 2. HP: 18/19 MP: 2/2
   510 | D:1      | Found a faded altar of an unknown god.
   899 | D:1      | Reached XP level 3. HP: 23/23 MP: 3/3
  1355 | D:2      | Found a shimmering altar of Xom.
  1431 | D:2      | Noticed Natasha
  1445 | D:2      | Killed Natasha
  1446 | D:2      | Reached XP level 4. HP: 8/28 MP: 4/4
  2052 | D:2      | Reached skill level 5 in Maces & Flails
  2105 | D:2      | Reached XP level 5. HP: 32/32 MP: 5/5
  2112 | D:2      | Noticed Robin
  2496 | D:2      | Killed Robin
  2771 | D:2      | Noticed Natasha
  2793 | D:2      | Killed Natasha
  3371 | D:2      | Noticed Jessica
  3395 | D:2      | Killed Jessica
  3396 | D:2      | Reached XP level 6. HP: 22/37 MP: 6/6
  3634 | D:2      | Noticed Natasha
  3638 | D:2      | Killed Natasha
  4004 | D:3      | Noticed Terence
  4070 | D:3      | Killed Terence
  4316 | D:3      | Identified the +6 quarterstaff "Zeoff" {venom, rC+ Will+}
  4994 | D:4      | Reached skill level 1 in Dodging
  5285 | D:4      | Found Manneep's Book Emporium.
  5316 | D:4      | Noticed a steam dragon
  5937 | D:4      | Killed a steam dragon
  5938 | D:4      | Reached XP level 7. HP: 28/44 MP: 7/7
  6222 | D:5      | Entered Level 5 of the Dungeon
  6239 | D:5      | Found a staircase to the Ecumenical Temple.
  6766 | D:5      | Found Itaisyf's Armour Shoppe.
  6769 | D:5      | Found Waharav's Book Boutique.
  6776 | D:5      | Reached skill level 5 in Fighting
  6776 | D:5      | Reached skill level 5 in Armour
  6865 | D:5      | Reached XP level 8. HP: 49/49 MP: 8/8
  6917 | Temple   | Entered the Ecumenical Temple
  6946 | Temple   | Became a worshipper of Warmaster Okawaru
  8160 | D:6      | Reached * piety under Okawaru
  8359 | D:6      | Killed by an exploding orc priest... ignited by their inner
                  | flame

Illustrated notes

Levels and vault maps discovered:
D:1:      dpeg_arrival_pond, layout_basic, hellmonk_ecumenical_altar_lost_god
D:2:      minmay_thinvault, layout_loops_corners, basic_altar,
          minmay_pentomino_r2, uniq_robin, uniq_natasha, uniq_jessica
D:3:      layout_loops_corners, nicolae_hexahallways, uniq_terence
D:4:      layout_loops_ring, serial_shops, nicolae_shop_advertising_works
          [nicolae_subvault_shop_adworks]
D:5:      layout_basic, minmay_temple_entry_mini_moons,
          nicolae_wooded_promenade, minmay_circle_x
D:6:      minmay_flawed_box, layout_gridville
Temple:   hellmonk_temple_of_storms

Skill      XL: |  1  2  3  4  5  6  7  8 |
---------------+-------------------------+-----
Maces & Flails | 3 4 5 6 |  6.5
Dodging        | 2 3 4 |  4.7
Fighting       | 4 5 |  5.0
Armour         | 4 5 6 |  6.0
Shields        | |  3.2

Action                   |  1- 3 |  4- 6 |  7- 9 || total
-------------------------+-------+-------+-------++-------
Melee: Flail             |   115 |   275 |       ||   390
       Unarmed           |       |     7 |       ||     7
       Morningstar       |       |    15 |   200 ||   215
  Use: Scroll            |       |     6 |     7 ||    13
       Potion            |       |     1 |     1 ||     2
Armor: Scale mail        |    16 |       |       ||    16
       Chain mail        |    61 |   211 |   191 ||   463
Dodge: Dodged            |    56 |   106 |   105 ||   267
Block: Buckler           |    38 |    51 |    52 ||   141
